Map: Lost and Found LE

Players

Rail

  • Race: Protoss Protoss
  • League: Master
  • Spawn Location: 1:00

ShoWTimE - Winner!

  • Race: Protoss Protoss
  • Spawn Location: 7:00

Event: HomeStory Cup XVIII

VOD

Have the link to the VOD?

Description

Time

  • Played on: Nov. 22, 2018, 12:28 p.m.
  • Length: 4:38

All games in this series

Show
View Real Time Build Order
Export as new Build Order

Rail Protoss 

Build Orders:  

Get SALT Encoding   

  12  0:00  Probe  
  13  0:13  Probe  
  14  0:17  Pylon  
  14  0:25  Probe  
  15  0:33  Probe  
  15  0:35  Gateway  
  15  0:41  Probe  
  16  0:46  Assimilator  
  17  0:51  Probe  
  17  0:54  Assimilator  
  18  0:59  Probe  
  19  1:07  Probe  
  19  1:08  Gateway  
  19  1:17  Probe  
  20  1:22  Cybernetics Core  
  21  1:29  Probe  
  22  1:32  Pylon  
  22  1:39  Warp Gate  
  22  1:42  Probe  
  23  1:54  Probe  
  24  1:59  Adept x2  
  28  2:11  Pylon  
  29  2:26  Stalker  
  29  2:28  Stalker  
  32  2:48  Nexus  
  32  2:56  Stalker  
  34  2:59  Stalker  
  36  3:06  Pylon  
  36  3:25  Gateway  
  36  3:27  Gateway  
  36  3:45  Stalker x2  
  36  3:59  Pylon  
  36  4:08  Stalker x2  
  40  4:20  Stalker  
  40  4:22  Stalker  
  33  4:35  Stalker  
  33  4:36  Stalker  
Show
View Real Time Build Order
Export as new Build Order

ShoWTimE Protoss - Winner!

Build Orders: Oracle Opening, Phoenix Opening 

Get SALT Encoding   

  12  0:00  Probe  
  13  0:12  Probe  
  14  0:16  Pylon  
  14  0:24  Probe  
  15  0:32  Probe  
  15  0:36  Gateway  
  15  0:40  Probe  
  16  0:45  Assimilator  
  17  0:50  Probe  
  17  0:54  Assimilator  
  18  0:58  Probe  
  19  1:06  Probe  
  19  1:10  Gateway  
  20  1:17  Probe  
  20  1:23  Cybernetics Core  
  21  1:29  Probe  
  22  1:34  Pylon  
  22  1:41  Probe  
  23  1:53  Probe  
  24  2:00  Sentry, Stalker  
  28  2:01  Warp Gate  
  28  2:11  Pylon  
  28  2:31  Stargate  
  28  2:36  Phoenix  
  27  2:38  Stalker  
  29  2:46  Nexus  
  29  2:53  Stalker  
  31  3:01  Shield Battery  
  31  3:06  Probe  
  31  3:07  Oracle  
  32  3:19  Probe  
  36  3:30  Pylon  
  36  3:32  Probe  
  37  3:34  Shield Battery  
  37  3:38  Oracle  
  37  3:44  Probe  
  40  3:56  Probe  
  40  3:57  Probe  
  40  4:02  Robotics Facility  
  43  4:16  Stalker  
  44  4:19  Shield Battery  
  44  4:23  Shield Battery  
  44  4:27  Stalker  
  46  4:34  Pylon  
Tags
 
Add a new tag
Caveats
  • Supply blocks, unpowered buildings, or Contaminate may cause inaccurate times.
  • Supply counts are checked every 10 seconds.